 Dungeon Crawl Stone Soup version 0.16-a0-2278-gad6c6b8 (console) character file.

6374 Kellhus the Destroyer (level 10, -3/69 HPs)
             Began as a Demigod Wizard on Nov 16, 2014.
             Slain by a centaur (8 damage)
             ... on level 9 of the Dungeon.
             The game lasted 00:24:09 (11372 turns).

Kellhus the Destroyer (Demigod Wizard)             Turns: 11372, Time: 00:24:09

Health: -3/69      AC:  5    Str: 10    XL:     10   Next: 39%
Magic:  9/29       EV: 12    Int: 28    God:
Gold:   570        SH:  0    Dex: 14    Spells: 5 memorised, 14 levels left

rFire  . . .     SeeInvis +     b - +0 blowgun
rCold  . . .     Clarity  .     f - +0 robe
rNeg   . . .     SustAb   +     (no shield)
rPois  +         Gourm    .     l - +0 helmet
rElec  .         Spirit   .     (no cloak)
rCorr  +         Warding  .     e - +1 pair of gloves
rMut   .         Stasis   .     (no boots)
MR     +....                    U - amulet of resist corrosion
Stlth  ++........               w - ring of poison resistance
                                z - ring of see invisible

@: repel missiles, somewhat resistant to hostile enchantments, unstealthy
A: sustain abilities
a: no special abilities


You were on level 9 of the Dungeon.
You were hungry.

You visited 1 branch of the dungeon, and saw 9 of its levels.

You collected 570 gold pieces.

Inventory:

Hand weapons
 a - a +1 spear
 b - a +0 blowgun (weapon)
 p - a +1 dagger of speed
Missiles
 E - 23 poisoned needles (quivered)
Armour
 e - a +1 pair of gloves (worn)
 f - a +0 robe (worn)
 l - a +0 helmet (worn)
Jewellery
 n - an uncursed ring of fire
 w - a ring of poison resistance (right hand)
 z - a ring of see invisible (left hand)
 G - an uncursed ring of protection from cold
 Q - an uncursed ring of protection from fire
 U - an amulet of resist corrosion (around neck)
Magical devices
 D - a wand of teleportation (4)
 F - a wand of confusion (19)
 H - a wand of teleportation (6)
 P - a wand of slowing (18)
 T - a wand of lightning (0)
Scrolls
 h - a scroll of amnesia {unknown}
 i - 3 scrolls of remove curse
 k - 3 scrolls of random uselessness {unknown}
 o - 2 scrolls of recharging {unknown}
 r - 2 scrolls of teleportation {unknown}
 A - 6 scrolls of magic mapping
 J - a scroll of noise {unknown}
 K - 4 scrolls of blinking {unknown}
 O - 2 scrolls of enchant armour {unknown}
 R - a scroll of immolation {unknown}
 S - a scroll of fear {unknown}
 W - 2 scrolls of fog {unknown}
 X - a scroll of vulnerability {unknown}
 Z - a scroll of holy word {unknown}
Potions
 m - a potion of brilliance
 q - 2 potions of poison
 s - 4 potions of might
 t - 2 potions of restore abilities
 v - 2 potions of agility
 C - 2 potions of curing
 I - a potion of mutation {unknown}
 V - a potion of invisibility
 Y - 2 potions of flight
Books
 c - a book of Minor Magic

   Spells                             Type                      Level
   *Magic Dart                        Conjuration                  1
   *Blink                             Translocation                2
   Call Imp                           Summoning                    2
   *Repel Missiles                    Charms/Air                   2
   Slow                               Hexes                        2
   *Conjure Flame                     Conjuration/Fire             3
   *Mephitic Cloud                    Conjuration/Poison/Air       3
 B - a book of Enchantments

   Spells                             Type                      Level
   Tukima's Dance                     Hexes                        3
   Cause Fear                         Hexes                        4
   Silence                            Hexes/Air                    5
   Deflect Missiles                   Charms/Air                   6
   Haste                              Charms                       6
   Discord                            Hexes                        8
Comestibles
 d - 7 bread rations
 j - 4 meat rations
 u - 29 fruits
 x - 8 slices of pizza
 M - 2 beef jerkies


   Skills:
 - Level 1.7 Dodging
 - Level 1.7 Stealth
 - Level 8.0 Spellcasting
 + Level 12.2 Conjurations
   Level 0.8 Summonings
 - Level 0.8 Translocations


You had 14 spell levels left.
You knew the following spells:

 Your Spells              Type           Power        Failure   Level  Hunger
a - Magic Dart            Conj           ####         1%          1    None
b - Conjure Flame         Conj/Fire      #####...     1%          3    None
c - Mephitic Cloud        Conj/Pois/Air  ####....     2%          3    None
l - Blink                 Tloc           N/A          8%          2    None
r - Repel Missiles        Chrm/Air       ##....       10%         2    None


Dungeon Overview and Level Annotations

Branches:
Dungeon (9/15)             Temple (0/1) D:7
   Lair: D:8-11         Orc: D:9-12

Shops:
D:4 (


Innate Abilities, Weirdness & Mutations

Your attributes are resistant to harm.


Message History

You blink.
Read which item? (? for menu, Esc to quit)
Okay, then.
Evoke which item? (* to show all) (? for menu, Esc to quit)
Zapping:
D - a wand of teleportation (will waste charges)
Press: ? - help, Shift-Dir - straight line, f - you You feel strangely unstable.
Evoking this partially-identified wand wasted a few charges.
Unknown command.
Your surroundings suddenly seem different.
A centaur comes into view.
The centaur shouts!
A centaur comes into view.
The centaur shouts!
A centaur comes into view.
The centaur shouts!
A centaur comes into view.
The centaur shouts!
You hear a shout!
The centaur barely misses you. The centaur hits you!
You die...

....... ##.
...... ≈≈≈...#
>..≈≈
≈≈≈≈≈≈≈#### ≈≈
≈≈≈≈≈≈≈≈≈≈≈##
≈≈≈..≈≈≈≈≈≈≈≈..
≈......≈≈≈≈≈≈..
...cc.≈≈≈≈≈..
#.c.≈≈≈≈≈...
#.c@.≈≈≈≈#
##...≈≈≈##
##..≈≈≈...
#.≈≈≈≈.##
.≈≈≈≈..#
≈≈≈≈..##
≈≈≈..## ≈....##
.##


You could see 4 centaurs.

Vanquished Creatures
  A hydra (D:9)
  The ghost of Gruud the Basher, an experienced OgHu of Trog (D:6)
  Pikel (D:6)
  Prince Ribbit (D:6)
  2 yaks (D:9)
  Eustachio (D:7)
  A hungry ghost (D:7)
  A hippogriff (D:9)
  A phantom (D:6)
  2 orc warriors
  3 ogres
  2 ice beasts
  3 slaves (D:6)
  A yellow wasp (D:8)
  3 sky beasts
  A centaur (D:7)
  A crocodile (D:8)
  A gnoll sergeant (D:9)
  The ghost of scummos the Sneak, an average VSAs (D:3)
  Blork the orc (D:6)
  2 giant frogs (D:6)
  3 big kobolds (D:9)
  3 scorpions
  A wyvern skeleton (D:7)
  3 killer bees
  2 goliath beetles
  2 crimson imps
  A quasit (D:8)
  A jelly (D:7)
  5 giant frog skeletons
  2 gnoll shamans (D:5)
  4 iguanas
  6 orc priests
  A centaur zombie (D:5)
  A centaur skeleton (D:8)
  5 worker ants
  2 hounds
  7 orc wizards
  A killer bee zombie (D:5)
  2 sheep (D:9)
  A hound zombie (D:5)
  A worker ant zombie (D:6)
  13 adders
  24 gnolls
  A green rat (D:7)
  A shadow imp (D:7)
  A giant mite (D:6)
  A worm (D:3)
  An adder skeleton (D:4)
  4 giant geckos
  24 orcs
  12 hobgoblins
  4 jackals (D:2)
  4 quokkas
  A ball python (D:1)
  15 bats
  4 giant cockroaches
  6 giant newts
  13 goblins
  7 kobolds
  13 rats
234 creatures vanquished.

Vanquished Creatures (collateral kills)
  3 killer bees (D:7)
3 creatures vanquished.

Vanquished Creatures (others)
  A killer bee (D:7)
  An iguana (D:6)
2 creatures vanquished.

Grand Total: 239 creatures vanquished

Notes
Turn   | Place    | Note
--------------------------------------------------------------
     0 | D:1      | Kellhus, the Demigod Wizard, began the quest for the Orb.
     0 | D:1      | Reached XP level 1. HP: 14/14 MP: 4/4
    68 | D:1      | Reached skill level 1 in Conjurations
   783 | D:2      | Reached XP level 2. HP: 20/20 MP: 4/6
  1151 | D:2      | Found a shattered altar of Ashenzari.
  1709 | D:3      | Reached skill level 3 in Conjurations
  1709 | D:3      | Reached XP level 3. HP: 26/26 MP: 1/8
  2093 | D:3      | Reached XP level 4. HP: 33/33 MP: 0/11
  2170 | D:3      | Noticed scummos' ghost (average VSAs)
  2181 | D:3      | Killed scummos' ghost
  2181 | D:3      | Reached skill level 4 in Conjurations
  2713 | D:3      | Reached XP level 5. HP: 38/38 MP: 10/12
  2979 | D:3      | Learned a level 3 spell: Conjure Flame
  2983 | D:3      | Learned a level 3 spell: Mephitic Cloud
  3139 | D:4      | Reached skill level 5 in Conjurations
  3150 | D:4      | Got a pair of blackened boots
  3156 | D:4      | Identified the cursed -2 pair of boots "Quicet" {Str+1 Dex+5} (You found it on level 4 of the Dungeon)
  3341 | D:4      | Found a bloodstained altar of Trog.
  3384 | D:4      | Found Tryabo's Antique Weapon Boutique.
  3520 | D:4      | Noticed an ogre
  3534 | D:4      | Killed an ogre
  3534 | D:4      | Reached skill level 6 in Conjurations
  3534 | D:4      | Reached XP level 6. HP: 45/45 MP: 11/15
  4089 | D:5      | Entered Level 5 of the Dungeon
  4854 | D:4      | Reached XP level 7. HP: 40/50 MP: 16/20
  5159 | D:5      | Reached skill level 5 in Spellcasting
  5262 | D:5      | Found a shattered altar of Ashenzari.
  5848 | D:6      | Noticed Pikel
  5860 | D:6      | Reached skill level 7 in Conjurations
  5880 | D:6      | Killed Pikel
  5880 | D:6      | Reached skill level 8 in Conjurations
  5880 | D:6      | Reached XP level 8. HP: 57/57 MP: 7/22
  6022 | D:6      | Noticed Gruud's ghost (experienced OgHu)
  6051 | D:6      | Killed Gruud's ghost
  6051 | D:6      | Reached skill level 9 in Conjurations
  6099 | D:6      | Noticed Blork the orc
  6100 | D:6      | Noticed Prince Ribbit
  6120 | D:6      | Killed Blork the orc
  6147 | D:6      | Killed Prince Ribbit
  6417 | D:6      | Found a sacrificial altar of Ru.
  6464 | D:6      | Reached skill level 10 in Conjurations
  6464 | D:6      | Reached XP level 9. HP: 55/62 MP: 17/24
  6844 | D:6      | Found a deep blue altar of Sif Muna.
  7090 | D:6      | Found an iron altar of Okawaru.
  7709 | D:7      | Learned a level 2 spell: Blink
  7712 | D:7      | Learned a level 2 spell: Repel Missiles
  7984 | D:7      | Reached skill level 11 in Conjurations
  8559 | D:7      | Found a glowing silver altar of Zin.
  8559 | D:7      | Found a sparkling altar of Nemelex Xobeh.
  8645 | D:7      | Found a staircase to the Ecumenical Temple.
  8648 | D:7      | Noticed Eustachio
  8695 | D:7      | Killed Eustachio
  8856 | D:7      | Found a stormy altar of Qazlal.
 10133 | D:8      | Reached XP level 10. HP: 69/69 MP: 24/29
 10456 | D:9      | Found a glowing golden altar of the Shining One.
 10859 | D:9      | Noticed a two-headed hydra
 10898 | D:9      | Killed a two-headed hydra
 10898 | D:9      | Reached skill level 12 in Conjurations
 11372 | D:9      | Slain by a centaur

Action                   |  1- 3 |  4- 6 |  7- 9 | 10-12 || total
-------------------------+-------+-------+-------+-------++-------
Melee: Spear             |    13 |    11 |     1 |       ||    25
 Fire: Blowgun           |       |    27 |   102 |     7 ||   136
 Cast: Magic Dart        |    92 |   132 |   431 |   135 ||   790
       Conjure Flame     |       |     5 |    17 |    11 ||    33
       Mephitic Cloud    |       |     4 |    13 |     5 ||    22
       Repel Missiles    |       |       |     1 |       ||     1
       Blink             |       |       |       |     7 ||     7
Evoke: Wand              |       |       |       |     4 ||     4
  Use: Scroll            |       |     9 |     3 |       ||    12
       Potion            |       |       |       |     1 ||     1
 Stab: Confused          |       |     2 |     7 |       ||     9
       Sleeping          |       |       |     1 |       ||     1
  Eat: Chunk             |     2 |    10 |    12 |     4 ||    28
       Fruit             |       |       |     4 |       ||     4
